 Dungeon Crawl Stone Soup version 0.31.0-32-g396128a36d (webtiles) character file.

Game seed: 13948602055787021534

4841 PaiMei the Merchant of Misery (level 10, -4/93 (118) HPs)
             Began as a Demonspawn Necromancer on Apr 12, 2024.
             Was a Believer of Kikubaaqudgha.
             Slain by a wight
             ... wielding a +5 mace
              (7 damage)
             ... on level 7 of the Dungeon.
             The game lasted 00:17:49 (12612 turns).

PaiMei the Merchant of Misery (DsNe)               Turns: 12612, Time: 00:17:49

HP:   -4/93 (118)   AC: 25    Str:  8    XL:     10   Next: 25%
MP:   20/20         EV:  2    Int: 23    God:    Kikubaaqudgha [**....]
Gold: 337           SH:  0    Dex: 14    Spells: 10/23 levels left

rFire   . . .        G - +4 spear of Generosity {flame, Int+3}
rCold   . . .        (no shield)
rNeg    . . .        a - melded +0 robe
rPois   +            (helmet currently unavailable)
rElec   .            A - melded +0 cloak
rCorr   .            (gloves currently unavailable)
SInv    .            g - melded +1 pair of boots
Will    .....        f - amulet of the acrobat
Stlth   ++           h - +5 ring of evasion
HPRegen 0.35/turn    (no ring)
MPRegen 0.17/turn

%: acrobat
@: brilliant, tree-form, heavily drained
A: stationary, stasis, torment immunity, boosted hp, (claws 2), foul stench 1,
powered by death 1
a: Renounce Religion, Unearth Wretches


You were on level 7 of the Dungeon.
You worshipped Kikubaaqudgha.
Kikubaaqudgha was pleased with you.
You were a tree.
You visited 2 branches of the dungeon, and saw 9 of its levels.

You collected 359 gold pieces.
You spent 22 gold pieces at shops.

Inventory:

Hand Weapons
 c - a +0 dagger
 s - a +2 mace of protection
 G - the +4 spear of Generosity (weapon) {flame, Int+3}
   (You took it off an orc on level 8 of the Dungeon)

   Int+3:     It affects your intelligence (+3).
Missiles
 m - 5 curare-tipped darts (quivered)
 B - 12 poisoned darts
Armour
 a - a +0 robe (melded)
 g - a +1 pair of boots (melded)
 i - a +0 tower shield
 l - the +4 chain mail of Xompodel {rPois Int+4}
   (You found it on level 2 of the Dungeon)

   Int+4:     It affects your intelligence (+4).
   rPois:     It protects you from poison
 A - a +0 cloak (melded)
Jewellery
 f - an amulet of the acrobat (around neck)
 h - a +5 ring of evasion (left branch)
 r - a ring of fire
 u - a ring of ice
Wands
 t - a wand of paralysis (4)
 x - a wand of iceblast (9)
 y - a wand of digging (14)
 z - a wand of mindburst (10)
 H - a wand of light (2)
Scrolls
 d - a scroll of noise {unknown}
 e - a scroll of blinking
 j - 2 scrolls of identify
 o - a scroll of teleportation {unknown}
 p - 3 scrolls of amnesia
 v - 2 scrolls of revelation
 C - a scroll of vulnerability {unknown}
 E - a scroll of fog {unknown}
 F - 2 scrolls of torment {unknown}
Potions
 b - a potion of magic
 n - a potion of might {unknown}
 q - 2 potions of brilliance
 w - a potion of lignification
 D - a potion of mutation {unknown}


   Skills:
 + Level 7.4 Fighting
 + Level 7.1 Dodging
 - Level 2.0 Stealth
 + Level 7.2 Spellcasting
 + Level 9.5 Necromancy


You had 10 spell levels left.
You knew the following spells:

 Your Spells              Type           Power      Damage    Failure   Level
a - Necrotise             Necr           100%       1d9       1%          1
b - Vampiric Draining     Necr           67%        2d10      1%          3
c - Animate Dead          Necr           67%        N/A       1%          4
d - Curse of Agony        Necr           67%        N/A       4%          5

Your spell library contained the following spells:

 Spells                   Type           Power      Damage    Failure   Level
 Kiss of Death            Conj/Necr      100%       2d13      1%          1
 Sublimation of Blood     Necr           67%        N/A       1%          2
 Fugue of the Fallen      Necr           67%        N/A       1%          3
 Cigotuvi's Dreadful Rot  Necr/Alch/Air  68%        N/A       3%          2
 Slow                     Hex            48%        N/A       8%          1
 Blink                    Tloc           24%        N/A       12%         2
 Lesser Beckoning         Tloc           24%        N/A       12%         2
 Momentum Strike          Conj/Tloc      24%        3d8       12%         2
 Confusing Touch          Hex            12%        N/A       22%         3
 Gell's Gravitas          Tloc           12%        N/A       22%         3
 Hailstorm                Conj/Ice       12%        3d6       22%         3
 Sigil of Binding         Hex            12%        N/A       22%         3
 Summon Ice Beast         Ice/Summ       12%        N/A       22%         3
 Teleport Other           Tloc           12%        N/A       22%         3
 Ignite Poison            Fire/Alch      12%        N/A       58%         4
 Vhi's Electric Charge    Tloc/Air       24%        N/A       58%         4
 Arcjolt                  Conj/Air       6%         1d16      91%         5
 Freezing Cloud           Conj/Ice/Air   6%         6-21      91%         5
 Dispersal                Tloc           6%         N/A       100%        6
 Plasma Beam              Fire/Air       6%         2x1d16    100%        6
 Sculpt Simulacrum        Ice/Alch       6%         N/A       100%        6


Dungeon Overview and Level Annotations

Branches:
Dungeon (8/15)             Temple (1/1) D:5
   Lair: D:8-11

Altars:
Ashenzari
Cheibriados
Dithmenos
Fedhas
Gozag
Hepliaklqana
Kikubaaqudgha
Makhleb
Nemelex Xobeh
Okawaru
Qazlal
Ru
Sif Muna
Trog
Uskayaw
Vehumet
Wu Jian
Xom
Yredelemnul

Shops:
D:5 ?

Annotations:
D:4 Grinder
D:7 4 runed translucent doors


Innate Abilities, Weirdness & Mutations

You are a tree.
Your roots penetrate the ground, keeping you stationary.
You cannot be teleported.
You are immune to unholy pain and torment.
Your maximum health is greatly increased.
Your equipment is partially melded.
((You have very sharp fingernails.))
You may rarely emit foul miasma when damaged in melee.
You regenerate a little health from kills.


Message History

You hit the wight but do no damage.
The wight is heavily damaged.
The wight misses you.
You hit the wight but do no damage.
The wight is heavily damaged.
The wight hits you with a +5 mace!
* * * LOW HITPOINT WARNING * * *
You feel drained.
* * * LOW HITPOINT WARNING * * *
You feel better. The wight closely misses you.
You hit the wight. You burn the wight.
The wight is severely damaged.
The wight closely misses you.
You hit the wight but do no damage.
The wight is severely damaged.
The wight closely misses you. The wight completely misses you.
You hit the wight but do no damage.
The wight is severely damaged.
The wight hits you with a +5 mace!
* * * LOW HITPOINT WARNING * * *
You feel drained.
* * * LOW HITPOINT WARNING * * *
You hit the wight. You burn the wight.
The wight is severely damaged.
The wight completely misses you.
You hit the wight but do no damage.
The wight is severely damaged.
The wight barely misses you.
It was a potion of lignification.
You turn into a tree.
Your +0 cloak melds into your body.
Your +1 pair of boots melds into your body.
Your +0 robe melds into your body.
Your roots penetrate the ground.
The wight hits you with a +5 mace.
* * * LOW HITPOINT WARNING * * *
You feel drained.
You hit the wight but do no damage.
The wight is severely damaged.
The wight hits you with a +5 mace!
You die...
Kikubaaqudgha rasps: "You have failed me!
Welcome... death!"

#### ###..# ### ##....# #.# ###
##### #..#.##### ##.###.###.#.##
#..#...).# #...#..##..)..#
#...)....#####.........#...#
##..##...##.♣z....#....#..## ##
##...#.......#.P.##.#####.###
#.###............#~~~~....##....#
#..##......##..>.#P~♣..)<)##.....
♣..#............##.♣~...#.....#.#
...............##..P~####.....###
.........#.........####.....)..##
.........#........## #.....)...#
~~~♣♣.......~~...#### #.......#..


You could see a wight.

Vanquished Creatures
  Pikel (D:6)
  Joseph (D:8)
  A steam dragon (D:8)
  Edmund (D:6)
  4 water moccasins
  Duvessa (D:6)
  3 ice beasts
  3 ogres
  2 centaurs
  2 lemures (D:6)
  A phantom (D:7)
  2 kobold brigands
  2 bullfrogs (D:8)
  5 scorpions
  10 wights
  Dowan (D:6)
  3 killer bees (D:8)
  5 howler monkeys
  4 electric eels
  A bombardier beetle (D:5)
  3 hounds (D:5)
  5 orc priests
  2 jellies
  Jessica (D:3)
  5 iguanas
  Natasha (twice) (D:4)
  5 orc wizards
  4 gnolls
  8 adders
  3 white imps
  A ribbon worm (D:4)
  26 orcs
  4 bats
  6 endoplasms
  2 giant cockroaches
  12 goblins
  7 hobgoblins
  4 jackals
  6 quokkas
  9 ball pythons
  3 frilled lizards
  10 kobolds
  2 rats (D:2)
183 creatures vanquished.

Vanquished Creatures (collateral kills)
  A gnoll bouda (D:8)
  2 endoplasms (D:2)
  A giant cockroach (D:1)
  A hobgoblin (D:3)
  A kobold (D:1)
6 creatures vanquished.

Vanquished Creatures (others)
  An orc (D:7)
1 creature vanquished.

Grand Total: 190 creatures vanquished

Notes
Turn   | Place    | Note
-------+----------+-------------------------------------------
     0 | D:1      | PaiMei the Demonspawn Necromancer began the quest for the
                  | Orb.
     0 | D:1      | Reached XP level 1. HP: 13/13 MP: 3/3
   198 | D:1      | Gained mutation: You have sharp fingernails. [demonic
                  | ancestry]
   198 | D:1      | Reached XP level 2. HP: 19/19 MP: 1/5
  1045 | D:1      | Gained mutation: You have very sharp fingernails. [demonic
                  | ancestry]
  1045 | D:1      | Reached XP level 3. HP: 25/25 MP: 4/6
  1049 | D:1      | Learned a level 3 spell: Vampiric Draining
  1221 | D:2      | Reached skill level 1 in Fighting
  1298 | D:2      | Identified the +4 chain mail of Xompodel {rPois Int+4}
  1305 | D:2      | Found a shadowy altar of Dithmenos.
  1775 | D:2      | Reached XP level 4. HP: 30/32 MP: 1/7
  2056 | D:3      | Learned a level 4 spell: Animate Dead
  2382 | D:3      | Noticed Jessica
  2385 | D:3      | Killed Jessica
  2386 | D:3      | Reached skill level 5 in Necromancy
  3440 | D:4      | Noticed Natasha
  3460 | D:5      | Entered Level 5 of the Dungeon
  3471 | D:4      | Killed Natasha
  3472 | D:4      | Reached XP level 5. HP: 26/38 MP: 3/9
  3592 | D:4      | Noticed Grinder
  4005 | D:4      | Noticed Natasha
  4010 | D:4      | Killed Natasha
  4011 | D:4      | Gained mutation: You may rarely emit foul miasma when
                  | damaged in melee. [demonic ancestry]
  4011 | D:4      | Reached XP level 6. HP: 46/46 MP: 5/11
  4419 | D:5      | Reached skill level 6 in Necromancy
  4419 | D:5      | Gained mutation: You regenerate a little health from kills.
                  | [demonic ancestry]
  4419 | D:5      | Reached XP level 7. HP: 52/52 MP: 0/12
  4689 | D:5      | Found a staircase to the Ecumenical Temple.
  4698 | Temple   | Entered the Ecumenical Temple
  4714 | Temple   | Became a worshipper of Kikubaaqudgha
  4733 | D:5      | Found a hazy altar of Hepliaklqana.
  4811 | D:5      | Found Kaemno Pong's Magic Scroll Boutique.
  4942 | D:5      | Bought a scroll of identify for 22 gold pieces
  5598 | D:6      | Reached XP level 8. HP: 60/60 MP: 7/14
  6051 | D:6      | Noticed Pikel
  6089 | D:6      | Killed Pikel
  6090 | D:6      | Reached skill level 5 in Fighting
  6090 | D:6      | Reached skill level 5 in Dodging
  6090 | D:6      | Reached skill level 5 in Spellcasting
  6090 | D:6      | Reached skill level 7 in Necromancy
  6493 | D:6      | Noticed Dowan
  6495 | D:6      | Noticed Duvessa
  6501 | D:6      | Reached * piety under Kikubaaqudgha
  6501 | D:6      | Received a gift from Kikubaaqudgha
  6841 | D:6      | Killed Dowan
  6985 | D:7      | Reached XP level 9. HP: 68/68 MP: 10/17
  7284 | D:6      | Noticed Edmund
  7295 | D:6      | Killed Duvessa
  7296 | D:6      | Reached skill level 8 in Necromancy
  7729 | D:6      | Killed Edmund
  8826 | D:7      | Found a large runed translucent door.
  8826 | D:7      | Found a large runed translucent door.
  8871 | D:7      | Found a large runed translucent door.
  8871 | D:7      | Found a large runed translucent door.
 10109 | D:8      | Learned a level 5 spell: Curse of Agony
 10114 | D:8      | Noticed Joseph
 10127 | D:8      | Killed Joseph
 10127 | D:8      | Identified the +4 spear of Generosity {flame, Int+3}
 10421 | D:8      | Identified the +2 leather armour "Zoblon" {Harm rF++ Str-2}
 10461 | D:8      | Reached skill level 9 in Necromancy
 10890 | D:8      | Reached XP level 10. HP: 54/78 MP: 20/20
 11389 | D:8      | Reached ** piety under Kikubaaqudgha
 11427 | D:8      | Noticed a two-headed ogre
 11526 | D:8      | Noticed an orc knight
 12600 | D:7      | HP: 2/67 [wight/+5 mace (12)]
 12608 | D:7      | HP: 2/63 [wight/+5 mace (3)]
 12612 | D:7      | Slain by a wight

Illustrated notes

Levels and vault maps discovered:
D:1:      lightli_arrival_chessboard, layout_rooms, serial_aquarium,
          aquarium_bridge_square [aquarium_subvault_window,
          aquarium_subvault_bridge, aquarium_subvault_window,
          aquarium_subvault_wall], aquarium_window_1, aquarium_window_fake,
          aquarium_window_1, aquarium_window_1, aquarium_view_2e,
          aquarium_view_2f, aquarium_balcony_5b, aquarium_pool_1
D:2:      layout_loops_ring, basic_altar
D:3:      layout_basic, uniq_jessica
D:4:      layout_basic, uniq_natasha, uniq_grinder
D:5:      layout_rooms, mainiacjoe_overflow_tiny_flanked, temple_fountains,
          serial_shops, shop, amcnicky_mini_pool_small, st_stairs_2,
          kennysheep_generic_room_13
D:6:      layout_basic, mainiacjoe_sewer_entry_somewhere_in_here_1,
          serial_glass, glass_columns_a, glass_columns_a, minivault_25,
          uniq_edmund, uniq_duvessa, uniq_pikel
D:7:      layout_cave_pools, serial_bayou, serial_bayou_pond_d,
          serial_bayou_ford_a, serial_bayou_lagoon_a, serial_bayou_pond_d,
          minivault_14, serial_bayou_pond_d, minmay_hollow_rounded_squares
D:8:      nzn_winding_woodlands_stair_cross [nzn_winding_woodlands_5x15_cabin,
          nzn_winding_woodlands_center_pierced_h,
          nzn_winding_woodlands_5x15_pathside_ponds,
          nzn_winding_woodlands_hourglass, nzn_winding_woodlands_5x5_cross,
          nzn_winding_woodlands_5x15_sidewinder,
          nzn_winding_woodlands_center_lodge,
          nzn_winding_woodlands_5x15_river_crossing], layout_basic,
          ebering_ghost_inner_flame, disabler_island, uniq_joseph
Temple:   roderic_octagonal_lattice_temple

Skill      XL: |  1  2  3  4  5  6  7  8  9 10 |
---------------+-------------------------------+-----
Dodging        | 2 3 4 5 6 7 |  7.1
Stealth        | 2 |  2.0
Fighting       | 1 2 3 4 5 7 |  7.4
Necromancy     | 5 6 7 9 |  9.5
Spellcasting   | 3 4 5 6 7 |  7.2

Action                     |  1- 3 |  4- 6 |  7- 9 | 10-12 || total
---------------------------+-------+-------+-------+-------++-------
  Melee: Dagger            |    12 |       |       |       ||    12
         Mace              |       |    31 |   138 |       ||   169
         Punch             |       |       |     2 |     1 ||     3
         Spear             |       |       |    38 |    67 ||   105
   Cast: Necrotise         |    70 |    74 |   117 |    10 ||   271
         Vampiric Draining |       |    12 |    86 |    22 ||   120
    Use: Scroll            |       |       |     4 |       ||     4
         Potion            |       |       |       |     4 ||     4
   Stab: Sleeping          |       |       |       |     1 ||     1
 Armour: Robe              |    13 |    29 |   146 |    42 ||   230
         Skin              |       |       |       |     2 ||     2
  Dodge: Dodged            |    28 |    64 |   229 |   137 ||   458
